 Dungeon Crawl Stone Soup version 0.24-a0-537-g2d01d4ab0a (webtiles) character file.

Game seed: 2052953374441380422

7 GordonOverkill the Grave Robber (level 1, -1/13 HPs)
             Began as a Mummy Necromancer on Aug 16, 2019.
             Slain by a jackal (3 damage)
             ... on level 1 of the Dungeon.
             The game lasted 00:01:00 (69 turns).

GordonOverkill the Grave Robber (Mummy Necromancer)   Turns: 69, Time: 00:01:01

Health: -1/13      AC:  2    Str: 11    XL:     1   Next: 83%
Magic:  0/4        EV: 12    Int: 14    God:
Gold:   0          SH:  0    Dex: 12    Spells: 4/5 levels left

rFire    x . .     SeeInvis .   b - +0 hand axe
rCold    + . .     Gourm    .   (no shield)
rNeg     + + +     Faith    .   a - +0 robe
rPois    ∞         Spirit   .   (no helmet)
rElec    .         Reflect  .   (no cloak)
rCorr    .         Harm     .   (no gloves)
MR       .....                  (no boots)
Stlth    ++........             (no amulet)
HPRegen  0.04/turn              (no ring)
MPRegen  0.09/turn              (no ring)

@: no status effects
A: no food or potions, fire vulnerability, cold resistance 1, negative energy
resistance 3, torment resistance, unbreathing
a: no special abilities


You were on level 1 of the Dungeon.
You were not hungry.

You visited 1 branch of the dungeon, and saw 1 of its levels.

Inventory:

Hand Weapons
 b - a +0 hand axe (weapon)
Armour
 a - a +0 robe (worn)


   Skills:
 + Level 1.7 Dodging
 + Level 1.7 Stealth
 + Level 2.9 Spellcasting
 + Level 4.1 Necromancy


You had 4 spell levels left.
You knew the following spells:

 Your Spells              Type           Power        Failure   Level  Hunger
a - Pain                  Necr           ##..         4%          1    N/A

Your spell library contained the following spells:

 Spells                   Type           Power        Failure   Level  Hunger
 Animate Skeleton         Necr           N/A          4%          1    N/A
 Vampiric Draining        Necr           ##........   12%         3    N/A
 Animate Dead             Necr           N/A          38%         4    N/A
 Regeneration             Chrm/Necr      Unusable     N/A         3    N/A

Dungeon Overview and Level Annotations

Branches:
Dungeon (1/15)

Altars:


Innate Abilities, Weirdness & Mutations

You do not eat or drink.
Your flesh is vulnerable to fire.
You are immune to poison.
Your flesh is cold resistant. (rC+)
You are immune to negative energy. (rN+++)
You are immune to unholy pain and torment.
You can survive without breathing.


Message History

The jackal is lightly wounded.
The jackal bites you.
* * * LOW HITPOINT WARNING * * *
The jackal closely misses you.
You barely miss the jackal.
The jackal is lightly wounded.
The jackal closely misses you. The jackal misses you.
You closely miss the jackal.
The jackal is lightly wounded.
The jackal misses you.
The jackal bites you but does no damage.
Casting: Pain (safe; 4% risk of failure)
Confirm with . or Enter, or press ? or * to list all spells.
Aiming: Pain (safe; 4% risk of failure)
Press: ? - help, Shift-Dir - straight line, f - jackal
Aim: a jackal (lightly wounded, chance to defeat MR: 83%)
The jackal barely resists.
The jackal bites you.
* * * LOW HITPOINT WARNING * * *
The jackal bites you.
You die...

#.......##...#
#.......##...#
#####........#
#........# #........#
#........# #........#
#.......h####+###
#.......@##.....#####
#......).##.....#...#
#.........'..⌠..'.<.#
####......#.....#...#
#......#.....#####
#....#####'### ######
#...# #.8.# #...#


You could see a jackal.

Vanquished Creatures
  A leopard gecko (D:1)
  A bat (D:1)
  A hobgoblin (D:1)
  A jackal (D:1)
  A kobold (D:1)
5 creatures vanquished.

Notes
Turn   | Place    | Note
-------+----------+-------------------------------------------
     0 | D:1      | GordonOverkill the Mummy Necromancer began the quest for
                  | the Orb.
     0 | D:1      | Reached XP level 1. HP: 13/13 MP: 4/4
    69 | D:1      | Slain by a jackal

Levels and vault maps discovered:
D:1:      minmay_arrival_stair_chambers, layout_basic, minmay_tetromino_t4

Action                   || total
-------------------------++-------
Melee: Hand axe          ||     6
 Cast: Pain              ||     7
Armor: Robe              ||     1
Dodge: Dodged            ||    10

Table legend:
 A = Non-vault XP
 B = Vault XP
 C = Vault XP percentage of total XP
 D = Non-vault monster count
 E = Vault monster count
 F = Vault count percentage of total count
                 A         B        C        D         E       F
            +---------+---------+-------+---------+---------+-------
      Total |       4 |       6 |  60.0 |       2 |       3 |  60.0
            +---------+---------+-------+---------+---------+-------
        D:1 |       4 |       6 |  60.0 |       2 |       3 |  60.0
            +---------+---------+-------+---------+---------+-------
